AoeStats
← tigremaster

Oasis

507543600Analyzed
4v4 RM · 13d ago on Sep 18, 2026· 30m 2s· 8 players
Game mode
Random Map
Map size
Large (8 player)
Population
200
Speed
Normal
Resources
Standard
Victory
Conquest
Starting age
Dark Age
Ending age
Imperial Age
RankedLock teamsTeams togetherTeam positionsShared explorationLock speedFull tech treeHidden civsTurbo modeCheats
Victory
Defeat
🇮🇹 Dravidians · Italy
1396
+13
🇫🇷 Armenians · France
1301
+16
🇮🇹 Franks · Italy
1288
+17
🇳🇴 Saracens · Norway
1274
+18
🇦🇷 Persians · Argentina
1481
-23
🇦🇷 Dravidians · Argentina
1343
-17
🇦🇷 Italians · Argentina
1249
-13
🇦🇷 Slavs · Argentina
1179
-11
Chacal90z
8:56 Feudal Age
11:01 Horse Collar
15:16 Wheelbarrow
14:52 Double-Bit Axe
15:26 Scale Barding Armor
20:23 Castle Age
18:34 Gold Mining
19:32 Bloodlines
19:56 Forging
21:33 Chain Barding Armor
24:49 Iron Casting
24:16 Husbandry
26:29 Bow Saw
Yaya Banana
8:00 Loom
10:17 Feudal Age
11:47 Double-Bit Axe
12:54 Horse Collar
15:24 Fletching
15:34 Padded Archer Armor
23:26 Castle Age
23:30 Crossbowman
24:06 Bodkin Arrow
24:33 Bow Saw
25:21 Ballistics
26:46 Thumb Ring
29:43 Wheelbarrow
leoverosoad
6:32 Loom
9:18 Feudal Age
10:23 Double-Bit Axe
16:54 Wheelbarrow
18:41 Scale Barding Armor
23:23 Castle Age
22:43 Forging
24:08 Husbandry
24:54 Bow Saw
26:27 Chain Barding Armor
28:33 Light Cavalry
HSL | ilBuonFabio
6:15 Loom
8:57 Feudal Age
10:11 Double-Bit Axe
23:23 Fletching
31:54 Castle Age
Hao_Arg
6:12 Loom
8:55 Feudal Age
9:21 Double-Bit Axe
10:48 Horse Collar
14:22 Forging
19:14 Scale Barding Armor
24:20 Castle Age
23:04 Bloodlines
23:45 Gold Mining
25:03 Husbandry
25:24 Bow Saw
25:46 Heavy Plow
28:34 Chain Barding Armor
kei 2026
5:48 Loom
8:14 Feudal Age
9:16 Double-Bit Axe
13:52 Fletching
14:52 Padded Archer Armor
15:58 Horse Collar
27:37 Castle Age
26:57 Scale Mail Armor
27:42 Crossbowman
28:20 Bodkin Arrow
28:37 Bow Saw
28:30 Heavy Plow
28:19 Pikeman
Lechugamer
9:56 Feudal Age
13:07 Double-Bit Axe
16:49 Loom
25:06 Fletching
27:21 Castle Age
tigremaster
8:18 Loom
10:07 Feudal Age
13:22 Double-Bit Axe
15:19 Bloodlines
16:50 Scale Barding Armor
16:57 Forging
17:12 Horse Collar
23:24 Castle Age
21:23 Gold Mining
22:33 Scale Mail Armor
24:07 Wheelbarrow
23:21 Town Watch
24:59 Husbandry
24:23 Light Cavalry
25:58 Bow Saw
Connection lost

Rejoining the realm…

Still unreachable

The connection could not be restored.

Session expired

The server has moved on; the page needs a fresh start.